 Dungeon Crawl Stone Soup version 0.24.1-14-gf8d2b509d9 (webtiles) character file.

Game seed: 2468842404271015094, levelgen mode: deterministic

294204 KlarStein the Bludgeoner (level 20, -7/164 HPs)
             Began as a Demonspawn Fighter on Dec 21, 2020.
             Was the Champion of Okawaru.
             Killed from afar by a deep elf annihilator (50 damage)
             ... with an iron shot
             ... on level 3 of the Elven Halls on Dec 22, 2020.
             The game lasted 03:32:31 (39897 turns).

KlarStein the Bludgeoner (Demonspawn Fighter)      Turns: 39897, Time: 03:32:32

Health: -7/164     AC: 40    Str: 17    XL:     20   Next: 3%
Magic:  26/26      EV:  8    Int: 15    God:    Okawaru [******]
Gold:   2385       SH: 15    Dex: 27    Spells: 19/19 levels left

rFire    + + .     SeeInvis +   S - +9 demon whip (pain)
rCold    + . .     Gourm    .   c - +1 shield
rNeg     + + .     Faith    .   V - +4 crystal plate armour of Terror {rC+ Int-2 SInv}
rPois    +         Spirit   .   (helmet unavailable)
rElec    .         Reflect  .   q - +2 cloak {rPois}
rCorr    .         Harm     .   v - +0 pair of gloves of Miecim {rF+ rN+ Int+4}
MR       +++..                  M - +2 pair of boots {Fly}
Stlth    ..........             (no amulet)
HPRegen  0.00/turn              n - +6 ring of dexterity
MPRegen  0.20/turn              A - ring "Ilatzoit" {rPois MR++ Str-2 Dex+3 Stlth+}

@: lethally poisoned (-7 -> -13), flying
A: horns 3, molten scales 3, clever 1, negative energy resistance 1, powered by
pain 2, inhibited regeneration, spiny 1
}: 2/15 runes: serpentine, barnacled
a: Heroism, Finesse, Renounce Religion, Stop Flying


You were on level 3 of the Elven Halls.
You worshipped Okawaru.
Okawaru was exalted by your worship.
You were not hungry.

You visited 7 branches of the dungeon, and saw 34 of its levels.
You also visited: Sewer and Gauntlet.

You collected 3049 gold pieces.
You spent 664 gold pieces at shops.

Inventory:

Hand Weapons
 e - a +1 fustibalus of freezing
 u - a +6 demon whip of venom
 S - a +9 demon whip of pain (weapon)
Missiles
 E - 10 throwing nets (quivered)
Armour
 c - a +1 shield (worn)
 q - a +2 cloak of poison resistance (worn)
 v - the +0 pair of gloves of Miecim (worn) {rF+ rN+ Int+4}
   (Okawaru gifted it to you on level 1 of the Elven Halls)

   It affects your intelligence (+4).
   It protects you from fire.
   It protects you from negative energy.
 y - a scarf of spirit shield
 G - +3 storm dragon scales {Bai Suzhen}
 K - a +1 pair of boots of stealth
 M - a +2 pair of boots of flying (worn)
 T - a +2 crystal plate armour
 V - the +4 crystal plate armour of Terror (worn) {rC+ Int-2 SInv}
   (Okawaru gifted it to you on level 1 of the Snake Pit)

   It affects your intelligence (-2).
   It protects you from cold.
   It lets you see invisible.
 W - the +2 pair of gloves of Good Intentions {-Cast +Fly rElec Int+4}
   (You acquired it on level 2 of the Shoals)

   It affects your intelligence (+4).
   It insulates you from electricity.
   It lets you fly.
   It prevents spellcasting.
Jewellery
 n - a +6 ring of dexterity (left hand)
 A - the ring "Ilatzoit" (right hand) {rPois MR++ Str-2 Dex+3 Stlth+}
   (You took it off a naga sharpshooter on level 4 of the Snake Pit)

   [ring of dexterity]

   It affects your strength (-2).
   It affects your dexterity (+3).
   It protects you from poison.
   It affects your resistance to hostile enchantments.
   It makes you more stealthy.
 D - an uncursed ring of see invisible
 J - a +4 ring of evasion
 P - an uncursed ring of fire
 Z - the ring of the Crown {Ice rElec Slay+2 Stlth+}
   (You found it on level 14 of the Dungeon)

   [ring of ice]

   It enhances your ice magic.
   It affects your accuracy and damage with ranged weapons and melee attacks
   (+2).
   It makes you vulnerable to fire.
   It protects you from cold.
   It insulates you from electricity.
   It makes you more stealthy.
Wands
 b - a wand of acid (20)
 g - a wand of digging (15)
 s - a wand of iceblast (32)
 B - a wand of disintegration (35)
 Q - a wand of polymorph (9)
 R - a wand of scattershot (6)
Scrolls
 a - a scroll of fog
 j - 11 scrolls of identify
 m - 10 scrolls of remove curse
 o - 6 scrolls of blinking
 z - 8 scrolls of immolation
 C - a scroll of enchant armour
 F - 2 scrolls of fear
 N - 9 scrolls of teleportation
 U - a scroll of brand weapon
 Y - 2 scrolls of enchant weapon
Potions
 d - 4 potions of curing
 h - 3 potions of heal wounds
 k - 4 potions of haste
 l - a potion of mutation
 p - 3 potions of might
 r - a potion of invisibility
 t - 5 potions of agility
 w - 3 potions of lignification
 x - 3 potions of ambrosia
 H - 2 potions of brilliance
 L - 4 potions of magic
 O - 3 potions of cancellation
 X - a potion of resistance
Comestibles
 f - 56 rations
 i - 6 chunks of flesh


   Skills:
 + Level 15.9 Fighting
 * Level 19.8 Maces & Flails
 + Level 14.6 Armour
 - Level 10.1 Dodging
 + Level 13.3 Shields
 - Level 9.0 Invocations


You had 19 spell levels left.
You didn't know any spells.
Your spell library contained the following spells:

 Spells                   Type           Power        Failure   Level  Hunger
 Beastly Appendage        Tmut           #.....       100%        1    ##.....
 Corona                   Hex            #......      100%        1    ##.....
 Infusion                 Chrm           #...         100%        1    ##.....
 Magic Dart               Conj           #...         100%        1    ##.....
 Summon Small Mammal      Summ           #...         100%        1    ##.....
 Blink                    Tloc           N/A          100%        2    ###....
 Call Imp                 Summ           #.......     100%        2    ###....
 Poisonous Vapours        Pois/Air       #.....       100%        2    ###....
 Searing Ray              Conj           #.....       100%        2    ###....
 Shroud of Golubria       Chrm/Tloc      #.....       100%        2    ###....
 Slow                     Hex            #.......     100%        2    ###....
 Song of Slaying          Chrm           #.......     100%        2    ###....
 Sticks to Snakes         Tmut           #.......     100%        2    ###....
 Call Canine Familiar     Summ           #.......     100%        3    ####...
 Conjure Flame            Conj/Fire      #.......     100%        3    ####...
 Dazzling Spray           Conj/Hex       #.....       100%        3    ####...
 Gell's Gravitas          Tloc           #.........   100%        3    ####...
 Inner Flame              Hex/Fire       #.......     100%        3    ####...
 Lesser Beckoning         Tloc           #.........   100%        3    ####...
 Mephitic Cloud           Conj/Pois/Air  #.......     100%        3    ####...
 Portal Projectile        Hex/Tloc       #.....       100%        3    ####...
 Regeneration             Chrm/Necr      #.........   100%        3    ####...
 Spectral Weapon          Hex/Chrm       #.......     100%        3    ####...
 Spider Form              Tmut/Pois      #.........   100%        3    ####...
 Summon Guardian Golem    Hex/Summ       #.......     100%        3    ####...
 Teleport Other           Tloc           #.......     100%        3    ####...
 Cause Fear               Hex            #.........   100%        4    #####..
 Force Lance              Conj/Tloc      #.......     100%        4    #####..
 Fulminant Prism          Conj/Hex       #.........   100%        4    #####..
 Ice Form                 Ice/Tmut       #.......     100%        4    #####..
 Iskenderun's Mystic Bla  Conj           #.......     100%        4    #####..
 Leda's Liquefaction      Hex/Erth       #.........   100%        4    #####..
 Passage of Golubria      Tloc           N/A          100%        4    #####..
 Summon Ice Beast         Ice/Summ       #.......     100%        4    #####..
 Summon Lightning Spire   Summ/Air       #.......     100%        4    #####..
 Blade Hands              Tmut           #.........   100%        5    ######.
 Silence                  Hex/Air        #.........   100%        5    ######.
 Conjure Ball Lightning   Conj/Air       #.........   100%        6    #######
 Deflect Missiles         Chrm/Air       #.........   100%        6    #######
 Freezing Cloud           Conj/Ice/Air   #.........   100%        6    #######
 Ring of Flames           Chrm/Fire      #.........   100%        7    #######
 Tornado                  Air            #.........   100%        9    #######


Dungeon Overview and Level Annotations

Branches:
Dungeon (14/15)            Temple (1/1) D:5            Lair (6/6) D:10
 Shoals (4/4) Lair:4        Snake (4/4) Lair:3        Slime (0/5) Lair:5
    Orc (2/2) D:10            Elf (3/3) Orc:2        Vaults (0/5) D:13
  Sewer (visited)         Gauntlet (visited)

Altars:
Ashenzari
Cheibriados
Dithmenos
Elyvilon
Fedhas
Gozag
Hepliaklqana
Kikubaaqudgha
Makhleb
Nemelex Xobeh
Okawaru
Qazlal
Ru
Sif Muna
Trog
Uskayaw
Vehumet
Wu Jian
Xom
Yredelemnul
Zin
The Shining One
Beogh

Shops:
D:5 :   D:12 ?   D:14 *![   Orc:1 %   Orc:2 %(%}   Elf:2 *   Shoals:1 *

Annotations:
D:6 exclusion: statue
D:9 Maurice
Lair:5 3 runed translucent doors, Riymurr's ghost, journeyman MfMo; Ruewk's ghost, journeyman CeAM; Tartanist's ghost, journeyman DrCj; Tartanist's ghost, journeyman DsMo
Orc:1 3 runed translucent doors, Kagalorn's ghost, journeyman GnWn


Innate Abilities, Weirdness & Mutations

You have a pair of large horns on your head.
You are completely covered in molten scales. (AC +4, rF+)
You resist negative energy. (rN+)
You sometimes gain power by taking damage.
You are partially covered in sharp spines.
Your mind is acute. (Int +2)
You do not regenerate when monsters are visible.


Message History

The deep elf annihilator blinks!
Things that are here:
a +0 rapier x2; an elf skeleton You feel sick.
You feel sick.
You start resting.
You feel sick.
The deep elf annihilator is too close now for your liking.
You feel sick.
You block the deep elf annihilator's attack.
You barely miss the deep elf annihilator.
You closely miss the deep elf annihilator.
You block the deep elf annihilator's attack.
You whack the deep elf annihilator!
The deep elf annihilator is moderately wounded.
You whack the deep elf annihilator! You headbutt the deep elf annihilator!
The deep elf annihilator is severely wounded.
The deep elf annihilator casts a spell at you.
The iron shot hits you!!!
You die...

+#...## ##..P..##
#..P8P..###
##..P..)..##
##...###..# ##.##
##.## ## #..#
########.####
#......@....#
###############e.#.#
..........).).)....#
.8..8....).).))...##
..§....).§.......##
#'####.......e...#
###.......#.#
###.....#.#
##.)....#


You could see a deep elf annihilator.

Vanquished Creatures
  Mara (Shoals:3)
  Bai Suzhen (Shoals:3)
  Nikola (Shoals:3)
  Agnes (Elf:1)
  Polyphemus (Shoals:2)
  Frances (D:12)
  Ilsuiw (Shoals:3)
  Kirke (Lair:5)
  Roxanne (Elf:2)
  13 nagarajas
  A deep elf sorcerer (Elf:3)
  2 frost giants
  The ghost of Ibo Aseng the Blocker, a journeyman DsFi of Makhleb (Elf:2)
  An ironheart preserver (D:13)
  2 deep elf elementalists (Elf:3)
  2 stone giants (Shoals:3)
  A deep elf demonologist (Elf:2)
  2 deep elf annihilators
  A minotaur (Gauntlet)
  10 deep elf death magi
  2 deep elf high priests (Elf:3)
  4 merfolk javelineers
  16 merfolk impalers
  Erolcha (Orc:2)
  7 hydras
  2 centaur warriors (D:13)
  19 naga warriors
  3 satyrs
  A catoblepas (Shoals:2)
  3 merfolk avatars
  A two-headed ogre (D:12)
  26 dancing weapons
  5 anacondas
  6 death yaks
  A large abomination (Elf:3)
  5 merfolk aquamancers
  A death knight (D:12)
  9 orc high priests
  25 naga sharpshooters
  Urug (D:13)
  A small abomination (Elf:3)
  10 shock serpents
  21 deep elf knights
  A skeletal warrior (D:12)
  A sixfirhy (Gauntlet)
  17 sea snakes
  3 unseen horrors
  A kraken simulacrum (Shoals:4)
  6 deep elf archers
  A harpy (shapeshifter) (Elf:1)
  10 naga ritualists
  4 lindwurms (Lair:5)
  An orc knight (Orc:2)
  13 harpies
  11 mana vipers
  3 orc sorcerers (Orc:1)
  8 salamanders
  8 fauns
  40 deep elf magi
  9 cyclopes
  10 manticores
  14 merfolk sirens
  15 elephants
  6 guardian serpents
  26 black mambas
  17 naga magi
  7 water nymphs
  A spiny frog (shapeshifter) (D:13)
  2 torpor snails (Lair:4)
  A minotaur zombie (Gauntlet)
  A gargoyle (D:12)
  26 spiny frogs
  7 kobold demonologists
  2 rime drakes (Lair:6)
  4 komodo dragons
  A freezing wraith (D:12)
  A tengu conjurer (D:14)
  A troll (D:10)
  3 polar bears
  39 merfolk
  3 tyrant leeches (Lair:6)
  7 wind drakes
  25 blink frogs
  6 dream sheep
  16 hippogriffs
  10 snapping turtles
  An air elemental (Elf:1)
  A spriggan (shapeshifter) (D:13)
  A centaur simulacrum (Gauntlet)
  3 flying skulls (Gauntlet)
  2 wraiths
  61 yaks
  2 vampires
  18 water elementals
  A shadow (D:12)
  3 wyverns
  5 fire elementals (Elf:1)
  Eustachio (D:6)
  5 hogs
  5 hungry ghosts
  4 basilisks
  A steam dragon (D:8)
  11 vampire mosquitoes
  13 wargs
  81 nagas
  A harpy simulacrum (Gauntlet)
  9 porcupines
  9 water moccasins
  13 orc warriors
  3 black bears
  2 phantoms
  3 sky beasts
  11 ogres
  3 wolves (Lair:5)
  5 ice beasts
  10 centaurs
  10 crocodiles
  7 big kobolds
  30 bullfrogs
  3 earth elementals
  A scorpion (D:6)
  A water moccasin skeleton (D:7)
  2 hornet simulacra (Gauntlet)
  6 killer bees
  13 wights
  6 electric eels
  6 howler monkeys
  8 crimson imps
  2 centaur zombies
  4 quasits
  3 bullfrog zombies (D:10)
  4 bullfrog skeletons
  31 orc priests
  8 hounds
  15 jellies
  4 centaur skeletons
  3 iguanas
  17 orc wizards
  10 worker ants
  A hound skeleton (D:3)
  3 worker ant zombies
  A howler monkey skeleton (D:4)
  16 adders
  2 shadow imps
  3 ufetubi (Gauntlet)
  3 oozes
  2 adder skeletons
  An adder zombie (D:9)
  9 worms
  10 leopard geckos
  78 orcs
  9 ball pythons
  7 bats
  8 giant cockroaches
  12 goblins
  12 hobgoblins
  12 jackals
  3 quokkas
  11 frilled lizards
  4 goblin skeletons (D:6)
  3 hobgoblin zombies (D:6)
  A jackal zombie (D:7)
  37 kobolds
  2 kobold skeletons (D:6)
  3 kobold zombies (D:6)
  2 orc zombies (D:6)
  14 rats
  6 plants
  A tentacle (Shoals:4)
1361 creatures vanquished.

Vanquished Creatures (others)
  2 deep elf magi
  2 dream sheep (Shoals:3)
  A water elemental (Elf:1)
  An electric eel (Snake:1)
  An orc priest (D:7)
  An orc wizard (D:8)
  A quokka (D:6)
  2 bushes (Lair:6)
  34 fungi
  70 plants
  4 tentacles (Shoals:4)
  5 withered plants
124 creatures vanquished.

Grand Total: 1485 creatures vanquished

Notes
Turn   | Place    | Note
-------+----------+-------------------------------------------
     0 | D:1      | KlarStein the Demonspawn Fighter began the quest for the
                  | Orb.
     0 | D:1      | Reached XP level 1. HP: 18/18 MP: 1/1
    61 | D:1      | Reached skill level 2 in Maces & Flails
   105 | D:1      | Gained mutation: You are partially covered in molten
                  | scales. (AC +2) [demonic ancestry]
   105 | D:1      | Reached XP level 2. HP: 22/24 MP: 2/2
   429 | D:1      | Gained mutation: You are partially covered in sharp spines.
                  | [demonic ancestry]
   429 | D:1      | Reached XP level 3. HP: 29/29 MP: 3/3
   542 | D:2      | Found an opulent altar of Gozag.
   558 | D:2      | Noticed a bullfrog
   801 | D:2      | Gained mutation: You are mostly covered in molten scales.
                  | (AC +3) [demonic ancestry]
   801 | D:2      | Reached XP level 4. HP: 35/35 MP: 4/4
   964 | D:2      | Killed a bullfrog
   964 | D:2      | Reached skill level 3 in Maces & Flails
   964 | D:2      | Reached XP level 5. HP: 42/42 MP: 5/5
  1636 | D:3      | Found an ornate altar of the Wu Jian Council.
  1636 | D:3      | Found a burning altar of Makhleb.
  1910 | D:3      | You fall into a shaft and drop 2 floors!
  1910 | D:5      | Entered Level 5 of the Dungeon
  1953 | D:4      | Reached XP level 6. HP: 48/48 MP: 6/6
  1967 | D:4      | Reached skill level 4 in Maces & Flails
  2269 | D:4      | Gained mutation: You have a pair of small horns on your
                  | head. [demonic ancestry]
  2269 | D:4      | Reached XP level 7. HP: 48/55 MP: 7/7
  2464 | D:4      | Found a glowing drain.
  2470 | Sewer    | Entered a sewer
  2668 | Sewer    | Reached skill level 5 in Maces & Flails
  3425 | D:5      | Found a shimmering blue altar of Sif Muna.
  3485 | D:5      | Found Piydeam's Book Emporium.
  3502 | D:5      | Found a blossoming altar of Fedhas.
  3508 | D:5      | Reached skill level 5 in Fighting
  3563 | D:5      | Found a staircase to the Ecumenical Temple.
  3574 | Temple   | Entered the Ecumenical Temple
  3653 | Temple   | Became a worshipper of Warmaster Okawaru
  3813 | D:5      | Gained mutation: You have a pair of horns on your head.
                  | [demonic ancestry]
  3813 | D:5      | Reached XP level 8. HP: 62/62 MP: 8/8
  4079 | D:5      | Found a sacrificial altar of Ru.
  4137 | D:6      | Found a glowing golden altar of the Shining One.
  4147 | D:6      | Noticed Eustachio
  4160 | D:6      | Killed Eustachio
  4160 | D:6      | Reached skill level 6 in Maces & Flails
  4202 | D:6      | Found a radiant altar of Vehumet.
  4333 | D:6      | Reached skill level 5 in Armour
  4333 | D:6      | Reached skill level 5 in Shields
  4349 | D:6      | Reached * piety under Okawaru
  4353 | D:6      | Found a white marble altar of Elyvilon.
  4784 | D:6      | Reached ** piety under Okawaru
  4784 | D:6      | Reached skill level 7 in Maces & Flails
  4784 | D:6      | Reached XP level 9. HP: 54/69 MP: 9/9
  5528 | D:7      | Reached *** piety under Okawaru
  5528 | D:7      | Reached skill level 8 in Maces & Flails
  6205 | D:8      | Reached skill level 1 in Invocations
  6223 | D:8      | Reached skill level 1 in Dodging
  6231 | D:8      | Found a stormy altar of Qazlal.
  7125 | D:9      | Reached XP level 10. HP: 79/79 MP: 12/12
  7362 | D:9      | Found a sparkling altar of Nemelex Xobeh.
  7362 | D:9      | Noticed Maurice
  7635 | D:10     | Entered Level 10 of the Dungeon
  7636 | D:10     | Found a staircase to the Lair.
  7639 | D:10     | Noticed an elephant
  7654 | D:10     | Reached **** piety under Okawaru
  7654 | D:10     | Reached skill level 9 in Maces & Flails
  7665 | D:10     | Killed an elephant
  7948 | D:10     | Found a staircase to the Orcish Mines.
  9179 | Lair:1   | Entered Level 1 of the Lair of Beasts
  9217 | Lair:1   | Reached ***** piety under Okawaru
  9314 | Lair:1   | Noticed a five-headed hydra
  9320 | Lair:1   | Killed a five-headed hydra
  9320 | Lair:1   | Received a gift from Okawaru
  9320 | Lair:1   | Reached skill level 10 in Maces & Flails
  9352 | Lair:1   | Noticed a spiny frog
  9361 | Lair:1   | Killed a spiny frog
  9361 | Lair:1   | Reached XP level 11. HP: 68/86 MP: 13/13
 10431 | Lair:2   | Reached skill level 5 in Dodging
 10848 | Lair:2   | Reached skill level 11 in Maces & Flails
 11360 | Lair:3   | Reached skill level 5 in Invocations
 11535 | Lair:3   | Found an ornate altar of the Wu Jian Council.
 11739 | Lair:3   | Received a gift from Okawaru
 11858 | Lair:3   | Found a staircase to the Snake Pit.
 11955 | Lair:3   | Gained mutation: You sometimes gain a little power by
                  | taking damage. [demonic ancestry]
 11955 | Lair:3   | Reached XP level 12. HP: 93/95 MP: 16/16
 12938 | Lair:4   | Found a staircase to the Shoals.
 13744 | Lair:5   | Reached skill level 12 in Maces & Flails
 14221 | Lair:5   | Found a staircase to the Slime Pits.
 14234 | Lair:5   | Reached skill level 10 in Fighting
 14269 | Lair:5   | Reached ****** piety under Okawaru
 14350 | Lair:5   | Received a gift from Okawaru
 14423 | Lair:5   | Gained mutation: You sometimes gain power by taking damage.
                  | [demonic ancestry]
 14423 | Lair:5   | Reached XP level 13. HP: 103/103 MP: 17/19
 14425 | Lair:5   | Noticed Kirke
 14446 | Lair:5   | Noticed a sphinx
 14459 | Lair:5   | Killed Kirke
 14921 | Lair:6   | Entered Level 6 of the Lair of Beasts
 14946 | Lair:5   | Found a runed translucent gate.
 14947 | Lair:5   | Noticed Ruewk's ghost (journeyman CeAM)
 14947 | Lair:5   | Noticed Tartanist's ghost (journeyman DsMo)
 14948 | Lair:5   | Found a runed translucent gate.
 14948 | Lair:5   | Found a runed translucent gate.
 14948 | Lair:5   | Noticed Riymurr's ghost (journeyman MfMo)
 14949 | Lair:5   | Noticed Tartanist's ghost (journeyman DrCj)
 14983 | Lair:5   | Received a gift from Okawaru
 14998 | Lair:5   | Got a pitted hat {god gift}
 15004 | Lair:5   | Identified the +1 hat of Riruuhuw {rElec rF+ rC+} (Okawaru
                  | gifted it to you on level 5 of the Lair of Beasts)
 15360 | Lair:6   | Reached skill level 13 in Maces & Flails
 15967 | Lair:6   | Gained mutation: You resist negative energy. (rN+) [demonic
                  | ancestry]
 15967 | Lair:6   | Reached XP level 14. HP: 61/113 MP: 20/20
 16382 | Lair:6   | Received a gift from Okawaru
 16382 | Lair:6   | Reached skill level 10 in Armour
 16994 | Lair:6   | Received a gift from Okawaru
 17914 | Orc:1    | Entered Level 1 of the Orcish Mines
 18175 | Orc:1    | Reached skill level 14 in Maces & Flails
 18184 | Orc:1    | Found Ragoroj's Food Shop.
 18232 | Orc:1    | Noticed an orc warlord
 18311 | Orc:1    | Found a runed translucent gate.
 18312 | Orc:1    | Found a runed translucent gate.
 18313 | Orc:1    | Found a runed translucent gate.
 18321 | Orc:1    | Noticed Kagalorn's ghost (journeyman GnWn)
 18491 | Orc:2    | Entered Level 2 of the Orcish Mines
 18682 | Orc:2    | Noticed Erolcha
 18689 | Orc:2    | Killed Erolcha
 18745 | Orc:2    | Found a roughly hewn altar of Beogh.
 18798 | Orc:2    | Found Gytapp's Antique Weapon Shoppe.
 19064 | Orc:2    | Found Ynebbet's Food Shop.
 19287 | Orc:2    | Found Nameaps's Food Shop.
 19323 | Orc:2    | Found Yhoum's Gadget Shoppe.
 19336 | Orc:2    | Gained mutation: You tend to lose your temper in combat. [a
                  | neqoxec]
 19602 | Orc:2    | Found a roughly hewn altar of Beogh.
 19656 | Orc:2    | Found a staircase to the Elven Halls.
 20185 | Orc:1    | Lost mutation: You tend to lose your temper in combat.
                  | [potion of mutation]
 20185 | Orc:1    | Gained mutation: You are frail. (-10% HP) [potion of
                  | mutation]
 20185 | Orc:1    | Gained mutation: You have a pair of large horns on your
                  | head. [potion of mutation]
 20186 | Orc:1    | Lost mutation: You are frail. (-10% HP) [potion of
                  | mutation]
 20186 | Orc:1    | Gained mutation: Your mind is acute. (Int +2) [potion of
                  | mutation]
 20186 | Orc:1    | Gained mutation: You are somewhat resistant to further
                  | mutation. [potion of mutation]
 20856 | D:12     | Received a gift from Okawaru
 20975 | D:12     | Noticed Frances
 21009 | D:12     | Killed Frances
 21052 | D:12     | You fall into a shaft and drop 1 floor!
 21172 | D:13     | Gained mutation: You are completely covered in molten
                  | scales. (AC +4, rF+) [demonic ancestry]
 21172 | D:13     | Reached XP level 15. HP: 110/120 MP: 21/21
 21235 | D:13     | Noticed Urug
 21252 | D:13     | Killed Urug
 21335 | D:13     | Found a gate to the Vaults.
 21577 | D:13     | Received a gift from Okawaru
 21868 | D:12     | Found Becry's Magic Scroll Emporium.
 21878 | D:12     | Bought 3 scrolls of enchant weapon for 292 gold pieces
 21878 | D:12     | Bought a scroll of brand weapon for 260 gold pieces
 22412 | D:14     | Found a gate leading to a gauntlet.
 22425 | Gauntlet | Entered a Gauntlet
 22425 | Gauntlet | Found a transporter.
 22425 | Gauntlet | Found a transporter.
 22425 | Gauntlet | Found a transporter.
 22443 | Gauntlet | Found a transporter.
 22445 | Gauntlet | Found a transporter.
 22447 | Gauntlet | Found a large runed translucent door.
 22448 | Gauntlet | Found a large runed translucent door.
 22449 | Gauntlet | Found a large runed translucent door.
 22449 | Gauntlet | Found a large runed translucent door.
 22449 | Gauntlet | Found a runed translucent door.
 22449 | Gauntlet | Found a runed translucent door.
 22450 | Gauntlet | Found a large runed translucent door.
 22451 | Gauntlet | Found a large runed translucent door.
 22452 | Gauntlet | Found a large runed translucent door.
 22452 | Gauntlet | Found a large runed translucent door.
 22453 | Gauntlet | Found a runed translucent gate.
 22453 | Gauntlet | Found a runed translucent gate.
 22453 | Gauntlet | Found a runed translucent gate.
 22455 | Gauntlet | Found a transporter.
 22459 | Gauntlet | Found a transporter.
 22469 | Gauntlet | Found a transporter.
 22490 | Gauntlet | Found a transporter.
 22507 | Gauntlet | Found a transporter.
 22511 | Gauntlet | Found a transporter.
 22521 | Gauntlet | Found a transporter.
 22561 | Gauntlet | Found a large runed translucent door.
 22562 | Gauntlet | Found a large runed translucent door.
 22563 | Gauntlet | Found a large runed translucent door.
 22563 | Gauntlet | Found a large runed translucent door.
 22564 | Gauntlet | Found a large runed translucent door.
 22565 | Gauntlet | Found a large runed translucent door.
 22566 | Gauntlet | Found a large runed translucent door.
 22566 | Gauntlet | Found a large runed translucent door.
 22622 | Gauntlet | Reached skill level 15 in Maces & Flails
 22751 | Gauntlet | Received a gift from Okawaru
 23060 | D:14     | Found Orieju's General Store.
 23193 | D:14     | Found Dishom's Antique Armour Boutique.
 23277 | D:14     | Found Ychoi's Distillery.
 23281 | D:14     | Bought a potion of mutation for 112 gold pieces
 23648 | D:14     | Got a transparent bone ring
 23655 | D:14     | Identified the ring of the Crown {Ice rElec Slay+2 Stlth+}
                  | (You found it on level 14 of the Dungeon)
 24172 | Snake:1  | Entered Level 1 of the Snake Pit
 24988 | Snake:1  | Received a gift from Okawaru
 24991 | Snake:1  | Got a bloodstained crystal plate armour {god gift}
 25005 | Snake:1  | Identified the +4 crystal plate armour of Terror {rC+ Int-2
                  | SInv} (Okawaru gifted it to you on level 1 of the Snake
                  | Pit)
 25329 | Snake:1  | Reached skill level 10 in Dodging
 25808 | Snake:2  | You fall into a shaft and drop 1 floor!
 25986 | Snake:3  | Reached XP level 16. HP: 77/129 MP: 22/22
 27039 | Snake:4  | Entered Level 4 of the Snake Pit
 27049 | Snake:4  | Reached skill level 16 in Maces & Flails
 27393 | Snake:4  | Received a gift from Okawaru
 27805 | Snake:4  | Reached skill level 10 in Shields
 27967 | Snake:4  | Received a gift from Okawaru
 28477 | Snake:4  | Reached XP level 17. HP: 120/137 MP: 19/23
 28623 | Snake:4  | Received a gift from Okawaru
 28623 | Snake:4  | Reached skill level 17 in Maces & Flails
 28942 | Snake:4  | Got a serpentine rune of Zot
 29442 | Snake:4  | Identified the ring "Ilatzoit" {rPois MR++ Str-2 Dex+3
                  | Stlth+}
 30026 | Snake:2  | Found a glowing silver altar of Zin.
 30238 | Shoals:1 | Entered Level 1 of the Shoals
 30362 | Shoals:1 | Found Soacrybri's General Store.
 30365 | Shoals:1 | Received a gift from Okawaru
 31354 | Shoals:2 | Received a gift from Okawaru
 31580 | Shoals:2 | Noticed Polyphemus
 31603 | Shoals:2 | Killed Polyphemus
 31649 | Shoals:2 | Mutation became permanent: You have a pair of horns on your
                  | head. [demonic ancestry]
 31649 | Shoals:2 | Gained mutation: You have a pair of large horns on your
                  | head. [demonic ancestry]
 31649 | Shoals:2 | Reached XP level 18. HP: 84/147 MP: 24/24
 32259 | Shoals:2 | Identified a scroll of acquirement
 32262 | Shoals:2 | Got a pair of dazzling gloves
 32273 | Shoals:2 | Identified the +2 pair of gloves of Good Intentions {-Cast
                  | +Fly rElec Int+4} (You acquired it on level 2 of the
                  | Shoals)
 32328 | Shoals:2 | Reached skill level 18 in Maces & Flails
 32674 | Shoals:3 | Noticed Nikola
 32692 | Shoals:3 | Killed Nikola
 32712 | Shoals:3 | Noticed Ilsuiw
 32743 | Shoals:3 | Killed Ilsuiw
 32765 | Shoals:3 | Noticed Mara
 32770 | Shoals:3 | Noticed KlarStein's illusion
 32792 | Shoals:3 | Killed Mara
 33029 | Shoals:3 | Noticed Bai Suzhen
 33052 | Shoals:3 | Killed Bai Suzhen
 33052 | Shoals:3 | Received a gift from Okawaru
 33096 | Shoals:3 | Gained mutation: You do not regenerate when monsters are
                  | visible. [mutagenic glow]
 33151 | Shoals:3 | Lost mutation: You are somewhat resistant to further
                  | mutation. [mutagenic glow]
 34037 | Shoals:4 | Entered Level 4 of the Shoals
 34528 | Shoals:4 | Reached skill level 15 in Fighting
 35169 | Shoals:4 | Got a barnacled rune of Zot
 35509 | Shoals:4 | Received a gift from Okawaru
 35912 | Shoals:4 | Reached XP level 19. HP: 148/155 MP: 25/25
 36361 | Elf:1    | Entered Level 1 of the Elven Halls
 36425 | Elf:1    | Reached skill level 19 in Maces & Flails
 37082 | Elf:1    | Received a gift from Okawaru
 37092 | Elf:1    | Got a pair of steaming gloves {god gift}
 37105 | Elf:1    | Identified the +0 pair of gloves of Miecim {rF+ rN+ Int+4}
                  | (Okawaru gifted it to you on level 1 of the Elven Halls)
 37250 | Elf:1    | Noticed Agnes
 37262 | Elf:1    | Killed Agnes
 37732 | Elf:2    | Noticed Ibo Aseng's ghost (journeyman DsFi)
 37738 | Elf:2    | Found a runed translucent gate.
 37738 | Elf:2    | Found a runed translucent gate.
 37738 | Elf:2    | Found a runed translucent gate.
 37741 | Elf:2    | Found Qotoc's Assorted Antiques.
 37782 | Elf:2    | Found a radiant altar of Vehumet.
 37853 | Elf:2    | Identified Roxanne's Incunabulum of the Badger
 37853 | Elf:2    | Noticed Roxanne
 37869 | Elf:2    | Killed Roxanne
 38623 | Elf:2    | Found a huge runed translucent gate.
 38623 | Elf:2    | Found a huge runed translucent gate.
 38623 | Elf:2    | Found a huge runed translucent gate.
 38623 | Elf:2    | Found a huge runed translucent gate.
 38623 | Elf:2    | Found a huge runed translucent gate.
 38900 | Elf:2    | Killed Ibo Aseng's ghost
 39494 | Elf:2    | Received a gift from Okawaru
 39658 | Elf:3    | Entered Level 3 of the Elven Halls
 39850 | Elf:3    | Reached XP level 20. HP: 83/164 MP: 26/26
 39897 | Elf:3    | Killed from afar by a deep elf annihilator

Levels and vault maps discovered:
D:1:      lemuel_arrival_lava_pool, layout_basic
D:2:      layout_basic, lemuel_coloured_pillars_altar, patterned_corridor
D:3:      layout_basic, amethyst_overflow_temple_binary, first_ration,
          minmay_misc_feat_roman
D:4:      layout_basic, gup_sewer_entry_bubbles
D:5:      layout_loops_ring, nicolae_overflow_crystal_walls,
          kennysheep_little_box, lemuel_crystal_altar,
          minmay_temple_entry_proselytizer, serial_shops, nicolae_shop_trees,
          minmay_misc_feat_square
D:6:      layout_loops_ring, vehumet_statue, elyvilon_altar_4,
          kennysheep_another_room, nicolae_tso_besieged_by_evil, uniq_eustachio
D:7:      layout_layer_cave
D:8:      layout_loops_ring, overflow_temple_1_default
D:9:      layout_loops_ring, lemuel_crystal_altar, uniq_maurice
D:10:     layout_basic, david_lair_generic, david_orc_2, grunt_ogre_cave
D:11:     layout_rooms, serial_glass, glass_columns_a, glass_columns_b
D:12:     layout_basic, serial_shops, nicolae_shop_trees,
          minmay_misc_feat_encased, uniq_frances
D:13:     layout_rooms, skrybe_vaults_entry_preservation, uniq_urug
D:14:     layout_basic, serial_shops, shop, shop, shop, gauntlet_entry_generic,
          chequers_serial_rivers_small_3, kennysheep_inner_square
Temple:   hc_temple_tempest_star
Lair:1:   layout_cave_pods, chequers_serial_rivers_small_b,
          infiniplex_staircase_pool_2
Lair:2:   layout_chaotic_city, lemuel_fruit_fields, infiniplex_staircase_pool
Lair:3:   layout_roguey, minmay_snake_entry_guardpost_large,
          lemuel_centaur_altar
Lair:4:   layout_cave_pods, elwin_shoals_entry_stream, lemuel_fruit_tree,
          serial_bayou_shore_b, grunt_megastairs_4
Lair:5:   layout_roguey, minmay_slime_entry_jelly_boxes,
          gammafunk_ghost_cemetery, minmay_lindwurm_lava, grunt_megastairs_3,
          uniq_kirke
Lair:6:   minmay_lair_end_frog_pond, layout_long_grid, minivault_24,
          serial_bayou_shore_b
Shoals:1: layout_shoals, serial_shops, shop, nicolae_shoals_so_close
Shoals:2: cheibrodos_shoals_satyrical_garden, layout_shoals, uniq_polyphemus
Shoals:3: layout_shoals, st_sunken_temple, uniq_mara, uniq_bai_suzhen,
          uniq_ilsuiw, uniq_nikola
Shoals:4: shoals_end_grunt_ice, layout_shoals,
          nicolae_shoals_arrival_archipelago
Snake:1:  layout_basic, special_room
Snake:2:  layout_rooms, basic_altar
Snake:3:  layout_onion, serial_bayou_pond_d, st_stairs_10, serial_bayou_shore_a,
          serial_bayou_shore_b
Snake:4:  grunt_snake_rune_spirals, layout_onion
Orc:1:    layout_caves, serial_shops, nicolae_shop_behind_doors,
          gammafunk_ghost_split
Orc:2:    st_orc_town, layout_caves, basic_altar, uniq_erolcha
Elf:1:    elf_arrival_002, layout_onion_city, minivault_28, uniq_agnes
Elf:2:    layout_onion_city, gammafunk_ghost_split, basic_altar, serial_shops,
          nicolae_shop_overgrown_old_shop, uniq_roxanne
Elf:3:    minmay_elf_hall_statues, layout_geoelf_diagonals, hex_intersection,
          grunt_ministairs_10

Skill      XL: |  1  2  3  4  5  6  7  8  9 10 11 12 13 14 15 16 17 18 19 |
---------------+----------------------------------------------------------+-----
Maces & Flails | 2 3 4 5 7 8 10 11 12 13 14 15 16 17 18 19 | 19.8
Armour         | 3 4 5 6 7 8 9 10 11 12 13 14 | 14.6
Shields        | 3 4 5 6 8 9 10 11 12 13 | 13.3
Fighting       | 4 5 6 7 8 9 10 11 12 13 14 15 | 15.9
Invocations    | 2 3 5 8 9 |  9.0
Dodging        | 1 4 5 6 8 9 10 | 10.1

Action                   |  1- 3 |  4- 6 |  7- 9 | 10-12 | 13-15 | 16-18 | 19-21 || total
-------------------------+-------+-------+-------+-------+-------+-------+-------++-------
Melee: Flail             |   120 |    65 |       |       |       |       |       ||   185
       Whip              |       |   100 |   397 |   725 |   906 |       |       ||  2128
       Headbutt          |       |       |    76 |   205 |   493 |   607 |   210 ||  1591
       Demon whip        |       |       |       |       |   679 |  1751 |   655 ||  3085
Throw: Dart              |       |       |     9 |       |       |       |       ||     9
Invok: Heroism           |       |       |       |     4 |    15 |    25 |     8 ||    52
       Finesse           |       |       |       |       |     2 |     9 |     1 ||    12
Evoke: Wand              |       |       |     3 |     6 |       |     1 |       ||    10
  Use: Potion            |       |     1 |     1 |     2 |     7 |     8 |     2 ||    21
       Scroll            |       |     7 |    11 |     7 |    13 |    11 |     4 ||    53
 Stab: Sleeping          |       |       |     1 |       |       |       |       ||     1
  Eat: Chunk             |       |     5 |    15 |    21 |    37 |    19 |    14 ||   111
       Ration            |       |       |       |     1 |     1 |     4 |       ||     6
Armor: Scale mail        |    69 |    61 |   128 |       |       |       |       ||   258
       Steam dragon scal |       |       |     2 |    25 |       |       |       ||    27
       Plate armour      |       |       |       |   126 |   318 |       |       ||   444
       Crystal plate arm |       |       |       |       |    73 |   674 |   221 ||   968
       Skin              |       |       |       |       |       |     2 |       ||     2
       Storm dragon scal |       |       |       |       |       |     1 |       ||     1
Dodge: Dodged            |    29 |    41 |    67 |   159 |   416 |   311 |    70 ||  1093
Block: Shield            |    54 |    60 |   188 |   246 |   656 |   829 |   267 ||  2300
